 Dungeon Crawl Stone Soup version 0.30.0-10-gfe55d96785 (webtiles) character file.

Game seed: 12518274864138981784

6 ANNNA the Chiller (level 1, 0/14 HPs)
             Began as a Draconian Ice Elementalist on May 15, 2023.
             Slain by a quokka (2 damage)
             ... on level 1 of the Dungeon.
             The game lasted 00:00:27 (90 turns).

ANNNA the Chiller (Draconian Ice Elementalist)        Turns: 90, Time: 00:00:27

Health: 0/14       AC:  4    Str: 10    XL:     1   Next: 75%
Magic:  0/3        EV: 12    Int: 15    God:
Gold:   0          SH:  0    Dex: 11    Spells: 3/4 levels left

rFire   . . .        b - +0 short sword
rCold   . . .        (no shield)
rNeg    . . .        (body armour unavailable)
rPois   .            (helmet restricted)
rElec   .            (no cloak)
rCorr   .            (no gloves)
SInv    .            (no boots)
Will    .....        (no amulet)
Stlth   ++           (no ring)
HPRegen 0.22/turn    (no ring)
MPRegen 0.08/turn

%: no passive effects
@: no status effects
A: AC +4, unfitting armour, cold-blooded
a: no special abilities


You were on level 1 of the Dungeon.
You visited 1 branch of the dungeon, and saw 1 of its levels.

Inventory:

Hand Weapons
 b - a +0 short sword (weapon)
Potions
 a - a potion of magic


   Skills:
 + Level 1.7 Dodging
 + Level 1.7 Stealth
 + Level 0.4 Unarmed Combat
 + Level 2.0 Spellcasting
 + Level 4.2 Ice Magic


You had 3 spell levels left.
You knew the following spells:

 Your Spells              Type           Power      Damage    Failure   Level
a - Freeze                Ice            56%        1d7       3%          1

Your spell library contained the following spells:

 Spells                   Type           Power      Damage    Failure   Level
 Frozen Ramparts          Ice            28%        1d5       12%         3
 Ozocubu's Armour         Ice            14%        N/A       12%         3
 Summon Ice Beast         Ice/Summ       7%         N/A       67%         4


Dungeon Overview and Level Annotations

Branches:
Dungeon (1/15)

Altars:


Innate Abilities, Weirdness & Mutations

Your plain brown scales are hard. (AC +4)
You cannot fit into any form of body armour.
You are cold-blooded and may be slowed by cold attacks.


Message History

Confirm with . or Enter, or press ? or * to list all spells.
Aiming: Freeze (safe; 3% risk of failure)
Press: ? - help, Shift-Dir - straight line, f/p - endoplasm
Aim: an endoplasm (heavily wounded)
You freeze the endoplasm.
You kill the endoplasm!
The quokka barely misses you.
Casting: Freeze (safe; 3% risk of failure)
Confirm with . or Enter, or press ? or * to list all spells.
You don't have enough magic to cast this spell.
Unknown command.
Casting: Freeze (safe; 3% risk of failure)
Confirm with . or Enter, or press ? or * to list all spells.
You don't have enough magic to cast this spell.
Unknown command.
You closely miss the quokka.
You feel yourself speed up. The quokka bites you.
The quokka closely misses you.
You barely miss the quokka. The quokka closely misses you.
You completely miss the quokka. The quokka barely misses you.
The quokka bites you.
You completely miss the quokka. The quokka bites you.
* * * LOW HITPOINT WARNING * * *
You completely miss the quokka. The quokka bites you.
* * * LOW HITPOINT WARNING * * *
Casting: Freeze (safe; 3% risk of failure)
Confirm with . or Enter, or press ? or * to list all spells.
Aiming: Freeze (safe; 3% risk of failure)
Press: ? - help, Shift-Dir - straight line, f - quokka
Aim: a quokka You freeze the quokka.
The quokka is moderately wounded.
The quokka bites you but does no damage.
The quokka attacks as you move away! The quokka bites you.
* * * LOW HITPOINT WARNING * * *
The quokka barely misses you. The quokka attacks as you move away!
The quokka bites you but does no damage.
The quokka bites you.
You die...

.# ######## .# .# #⌠≈≈<..#
.# .# #≈≈≈...# #.###### #.##
#≈≈≈...###.......####..?####
#≈≈.##.##.. ................
#≈..##.##.# #.###.$...[.##
#......##.# #@##.(.......#
#⌠.....'..# #.r...........
#......#..# #.##.........#
#...##.##.#####............#
#...##.##†).....####.^...#.#
#......###.#.#### ##...## #
#......# #.#># .....
#⌠..>..# #.#.# .####.
######## #.#.# .#


You could see a quokka.

Vanquished Creatures
  A ball python (D:1)
  2 endoplasms (D:1)
  2 kobolds (D:1)
5 creatures vanquished.

Notes
Turn   | Place    | Note
-------+----------+-------------------------------------------
     0 | D:1      | ANNNA the Draconian Ice Elementalist began the quest for
                  | the Orb.
     0 | D:1      | Reached XP level 1. HP: 14/14 MP: 3/3
    90 | D:1      | Slain by a quokka

Illustrated notes

Levels and vault maps discovered:
D:1:      amcnicky_arrival_flooded_fountain, layout_loops_ring

Action                     || total
---------------------------++-------
  Melee: Unarmed           ||     8
         Short sword       ||     5
         Tailslap          ||     1
   Cast: Freeze            ||     7
 Armour: Skin              ||     7
  Dodge: Dodged            ||    13
